Map: Templo Congelado

Players

TheZergLord

  • Race: Zerg Zerg
  • League: Master

Tunechi - Winner!

  • Race: Terran Terran
  • League: Master

VOD

Have the link to the VOD?

Description

Time

  • Played on: April 26, 2016, 8:12 a.m.
  • Length: 18:21
Show
View Real Time Build Order
Export as new Build Order

TheZergLord Zerg 

Build Orders: Hatch First, Muta Ling Bane 

Get SALT Encoding   

  12  0:01  Drone  
  13  0:13  Overlord  
  13  0:18  Drone  
  14  0:33  Drone x2  
  16  0:36  Drone  
  17  0:53  Hatchery  
  16  0:59  Drone  
  17  1:13  Spawning Pool  
  17  1:14  Drone  
  17  1:17  Extractor  
  16  1:21  Drone x2  
  18  1:31  Drone  
  19  1:41  Overlord  
  19  2:00  Queen  
  19  2:01  Zergling x2  
  22  2:02  Zergling x2  
  22  2:05  Queen, Zergling x2  
  26  2:18  Metabolic Boost  
  26  2:27  Drone x2  
  28  2:33  Drone x2  
  28  2:34  Drone  
  30  2:37  Drone  
  31  2:54  Hatchery  
  31  2:58  Queen  
  30  2:59  Overlord  
  30  3:01  Zergling x4  
  30  3:02  Zergling x2  
  35  3:19  Zergling x12  
  42  3:20  Zergling x4  
  43  3:37  Overlord  
  43  3:45  Overlord  
  43  4:02  Drone x4  
  47  4:03  Drone x4  
  47  4:06  Drone  
  52  4:11  Drone x2  
  52  4:12  Queen  
  52  4:13  Queen  
  55  4:26  Drone x3  
  55  4:27  Drone x4  
  55  4:30  Drone  
  63  4:33  Drone  
  58  4:57  Drone x6  
  58  4:58  Drone  
  64  5:02  Queen  
  66  5:07  Lair  
  66  5:08  Baneling Nest  
  66  5:10  Overlord x3  
  65  5:14  Spine Crawler  
  65  5:19  Spore Crawler  
  65  5:20  Spore Crawler  
  62  5:21  Spore Crawler  
  62  5:24  Drone x2  
  62  5:25  Overlord x2  
  62  5:26  Evolution Chamber, Drone x4  
  66  5:36  Drone x4  
  66  5:37  Drone x4  
  74  5:47  Drone x3  
  77  5:50  Hatchery  
  77  5:56  Extractor x2  
  74  5:57  Zerg Ground Armor Level 1  
  74  5:58  Extractor  
  74  5:59  Extractor  
  74  6:00  Drone x5  
  74  6:01  Extractor  
  76  6:05  Zergling x2  
  76  6:06  Zergling x4  
  79  6:20  Hatchery  
  78  6:33  Drone x3  
  78  6:36  Centrifical Hooks  
  78  6:38  Drone x4  
  85  6:42  Spire  
  85  6:45  Queen  
  85  6:46  Overseer  
  86  6:48  Zergling x2  
  86  6:49  Zergling x6  
  90  6:57  Overlord  
  90  6:58  Overlord x2  
  90  7:01  Hatchery  
  90  7:03  Drone  
  90  7:19  Zergling x2  
  90  7:20  Zergling x22  
  102  7:28  Overlord x2  
  102  7:33  Drone  
  102  7:34  Queen  
  102  7:35  Evolution Chamber  
  103  7:40  Pneumatized Carapace  
  103  7:53  Mutalisk x5  
  103  7:54  Mutalisk x5  
  103  7:57  Zerg Melee Weapons Level 1  
  123  7:59  Zergling x8  
  127  8:14  Zerg Ground Armor Level 2  
  127  8:18  Queen  
  127  8:19  Drone x5  
  134  8:20  Overlord x2  
  134  8:21  Overlord  
  134  8:26  Overlord  
  134  8:30  Infestation Pit, Overlord  
  132  8:48  Mutalisk x5  
  132  8:52  Drone x15  
  132  8:53  Drone  
  154  9:04  Zergling x24  
  154  9:05  Extractor x2  
  164  9:27  Hive  
  164  9:29  Baneling x4  
  164  9:30  Baneling x11  
  164  9:38  Mutalisk x3  
  166  9:41  Zergling x8  
  166  9:43  Baneling  
  174  9:45  Overlord x2  
  174  9:46  Overlord  
  174  9:49  Hatchery  
  174  9:51  Overlord  
  174  9:52  Overlord  
  173  9:56  Zerg Melee Weapons Level 2  
  173  10:03  Queen x2  
  140  10:21  Zergling x2  
  140  10:22  Zergling x36  
  144  10:29  Drone x2  
  144  10:30  Drone  
  144  10:31  Drone  
  144  10:33  Extractor  
  147  10:39  Mutalisk x3  
  147  10:40  Mutalisk x2  
  157  10:44  Adrenal Glands  
  157  10:45  Ultralisk Cavern  
  156  10:51  Baneling  
  156  10:52  Baneling x10  
  156  10:58  Zergling x6  
  156  10:59  Zergling x18  
  123  11:18  Zergling x2  
  123  11:19  Zergling x32  
  125  11:34  Zergling x4  
  125  11:35  Zergling x16  
  133  11:42  Mutalisk x3  
  128  12:03  Chitinous Plating  
  128  12:04  Ultralisk  
  128  12:05  Ultralisk x2  
  141  12:13  Ultralisk  
  147  12:16  Baneling  
  147  12:17  Baneling x3  
  147  12:18  Baneling  
  147  12:49  Hatchery  
  142  12:53  Ultralisk x2  
  153  13:07  Ultralisk  
  153  13:09  Mutalisk  
  161  13:25  Ultralisk  
  155  13:41  Zerg Melee Weapons Level 3, Zerg Ground Armor Level 3  
  132  13:56  Ultralisk  
  130  14:08  Drone  
  130  14:09  Drone x3  
  134  14:10  Drone x2  
  135  14:17  Ultralisk  
  141  14:26  Mutalisk x2  
  145  14:34  Zergling x2  
  145  14:35  Zergling x12  
  152  14:49  Zergling x18  
  161  14:55  Zergling x4  
  163  15:02  Baneling x5  
  163  15:03  Baneling  
  163  15:12  Ultralisk  
  169  15:24  Ultralisk  
  169  15:26  Zergling x12  
  133  15:49  Ultralisk x2  
  119  15:58  Baneling x11  
  119  15:59  Baneling  
  113  16:25  Ultralisk x2  
  103  16:35  Ultralisk  
  109  16:52  Zergling x6  
  109  16:53  Zergling x6  
  115  16:54  Zergling x2  
  116  17:03  Zergling x6  
  119  17:13  Zergling x6  
  122  17:24  Zergling x2  
  122  17:25  Zergling x2  
  94  17:47  Zergling x2  
  94  17:48  Zergling x8  
  97  17:56  Zergling x4  
Show
View Real Time Build Order
Export as new Build Order

Tunechi Terran - Winner!

Build Orders: Reaper Expand, MMM Bio 

Get SALT Encoding   

  12  0:01  SCV  
  13  0:13  SCV  
  14  0:18  Supply Depot  
  14  0:25  SCV  
  15  0:40  SCV  
  15  0:41  Barracks  
  16  0:45  Refinery  
  16  0:52  SCV  
  17  1:04  SCV  
  18  1:19  SCV  
  19  1:28  Reaper  
  19  1:31  Orbital Command  
  20  1:44  Command Center  
  20  1:53  Supply Depot  
  20  1:57  SCV  
  20  2:00  Reaper  
  22  2:09  SCV  
  23  2:21  SCV  
  24  2:36  Factory  
  24  2:37  SCV  
  25  2:54  Barracks Reactor  
  25  3:00  SCV  
  25  3:02  Orbital Command  
  26  3:11  Command Center  
  26  3:13  SCV  
  26  3:14  Refinery  
  27  3:25  Starport, SCV  
  28  3:45  SCV x2  
  28  3:48  Hellion  
  32  3:49  Hellion  
  32  3:54  Barracks Tech Lab  
  34  3:57  SCV  
  33  4:10  Supply Depot  
  33  4:19  Hellion  
  33  4:20  Hellion  
  37  4:26  Orbital Command  
  37  4:29  SCV  
  36  4:31  Supply Depot  
  36  4:33  Barracks Tech Lab, Banshee  
  36  4:34  Orbital Command  
  39  4:41  SCV  
  40  4:54  SCV x2  
  40  4:59  Marine  
  42  5:00  Stimpack  
  42  5:02  Hellion x2, SCV  
  42  5:06  SCV  
  48  5:11  Bunker, SCV  
  48  5:12  Engineering Bay  
  49  5:15  Engineering Bay  
  49  5:16  SCV  
  50  5:22  Supply Depot  
  50  5:23  Marine  
  50  5:24  SCV  
  50  5:26  Supply Depot  
  52  5:33  Supply Depot, Orbital Command  
  52  5:47  Viking  
  54  5:52  SCV  
  54  5:53  Barracks  
  54  5:54  SCV, Factory Reactor  
  54  5:55  Refinery  
  54  5:56  Barracks  
  56  5:57  Supply Depot  
  56  5:58  Marine  
  57  6:07  Terran Infantry Weapons Level 1, Supply Depot, Terran Infantry Armor Level 1  
  57  6:12  SCV x2  
  57  6:13  SCV  
  60  6:19  Refinery  
  60  6:24  SCV  
  61  6:29  SCV  
  61  6:30  SCV  
  61  6:31  Starport Reactor  
  63  6:34  Marine  
  63  6:36  SCV  
  65  6:46  Marine x2  
  67  6:49  SCV x3  
  67  6:50  Barracks  
  67  6:52  Barracks, Bunker  
  67  6:53  Marine x3  
  73  6:54  Siege Tank  
  73  6:58  Supply Depot x2  
  73  7:00  Armory  
  73  7:01  SCV x3  
  78  7:03  Missile Turret, Combat Shields  
  78  7:07  Missile Turret  
  79  7:13  SCV x3  
  79  7:14  Marine x3  
  85  7:15  Marine  
  86  7:25  SCV x3, Medivac x2  
  86  7:27  Supply Depot  
  86  7:29  Supply Depot  
  93  7:30  Marine  
  93  7:34  Supply Depot  
  94  7:37  SCV  
  94  7:41  Marine x2  
  94  7:43  Siege Tank, Barracks Reactor  
  100  7:44  Barracks Reactor  
  100  7:46  SCV  
  100  7:47  Supply Depot  
  100  7:48  SCV  
  100  7:51  Marine  
  103  7:52  Marine x2  
  103  7:54  Medivac  
  103  7:56  Supply Depot  
  103  7:57  Refinery  
  107  8:04  Marine  
  108  8:07  Marine  
  108  8:08  Marine  
  108  8:12  Bunker  
  110  8:16  Marine  
  110  8:17  Marine  
  110  8:19  Terran Infantry Weapons Level 2, Terran Infantry Armor Level 2  
  112  8:20  Marine x3  
  112  8:21  Marine  
  112  8:23  Supply Depot  
  112  8:25  Marine  
  112  8:26  Marine  
  118  8:29  SCV  
  118  8:30  Marine  
  120  8:37  Barracks  
  120  8:38  Barracks x2  
  118  8:42  Missile Turret  
  118  8:43  Marine x2  
  119  8:49  Missile Turret  
  119  8:50  Marine  
  119  8:51  Marine x5  
  125  9:01  Marine x3  
  130  9:02  Siege Tank  
  130  9:03  Medivac  
  130  9:07  Factory  
  130  9:08  Marine, Missile Turret  
  130  9:09  SCV x2  
  135  9:18  Marine x4  
  135  9:19  Marine x4  
  134  9:25  Marine x2  
  134  9:26  Marine x2  
  138  9:34  Siege Tank  
  138  9:36  Marine x5  
  138  9:37  Marauder, Marine  
  149  9:43  Marine x2  
  149  9:44  Marine  
  150  9:46  Marine x2  
  152  9:55  Supply Depot, Marine x5  
  152  9:56  Marine  
  152  9:58  Missile Turret  
  152  9:59  Missile Turret  
  158  10:08  Marine  
  158  10:09  Marine x3  
  127  10:24  Marine  
  127  10:25  Marine x7  
  127  10:26  Marine x2, Factory Tech Lab, Siege Tank  
  127  10:28  Marine x2  
  122  10:29  Medivac x2  
  128  10:42  Marine x2  
  129  10:43  Terran Infantry Weapons Level 3  
  129  10:44  Terran Infantry Armor Level 3  
  129  10:45  Terran Ship Weapons Level 1  
  129  10:49  Marine  
  131  10:50  Marine  
  132  10:58  Missile Turret  
  132  10:59  Medivac  
  134  11:04  Command Center  
  134  11:05  Missile Turret  
  100  11:19  Marine  
  100  11:23  Marine  
  100  11:24  Marine x9  
  106  11:31  Marine  
  91  11:37  Marine, Thor  
  91  11:38  Medivac  
  91  11:45  Marine x2  
  91  11:46  Marine x7  
  91  11:47  Marine  
  100  11:49  Marine  
  99  11:54  Thor  
  99  11:55  Marine  
  105  12:03  Marine x2  
  105  12:06  Marine  
  105  12:07  Marine x8  
  116  12:13  Marine  
  117  12:17  Medivac  
  117  12:20  Siege Tank  
  117  12:21  Marine x2  
  124  12:24  Marine, Command Center  
  124  12:25  Marine x2  
  124  12:28  Marine  
  128  12:35  Barracks Tech Lab x2  
  128  12:37  Siege Tank  
  128  12:39  Marine x3  
  128  12:40  Marine x3  
  137  12:52  Marine x5  
  137  12:56  Liberator x2  
  137  12:57  Marine x4  
  137  12:58  Marine  
  147  13:09  Marauder  
  147  13:10  Concussive Shells, Marauder  
  147  13:11  Marauder  
  125  13:42  Marine x2  
  125  13:43  Marauder x3, Marine x2  
  125  13:47  Thor  
  140  13:55  Liberator  
  140  14:04  Marauder x2  
  140  14:08  Marauder, Marine x4  
  144  14:19  Missile Turret  
  144  14:22  Missile Turret  
  143  14:25  Marauder  
  143  14:26  Marauder  
  143  14:30  Thor  
  153  14:36  Planetary Fortress  
  153  14:40  Marine  
  156  14:45  Marauder  
  156  14:46  Missile Turret  
  156  14:54  Marine x2, Siege Tank  
  156  14:55  Refinery  
  161  15:06  Marauder x2  
  167  15:07  Marauder  
  167  15:09  Marine  
  168  15:16  Barracks Tech Lab  
  168  15:21  Marine x4  
  168  15:22  Marine x3  
  168  15:23  Siege Tank  
  168  15:27  Marauder, Marine  
  133  15:43  Marine  
  133  15:44  Marauder x2  
  128  15:54  Marauder x2, Marine x6, Medivac  
  128  15:55  Marine  
  141  16:05  Marauder x2  
  141  16:08  Marine  
  146  16:11  Marine  
  146  16:15  Marine x2  
  146  16:16  Marauder x2  
  113  16:27  Marauder x2  
  110  16:34  Marine x2  
  110  16:35  Marine x2  
  110  16:37  Marauder x2  
  115  16:45  Marine, Medivac  
  118  16:48  Marauder x2  
  122  16:56  Thor  
  122  16:57  Marine x2  
  130  17:07  Marauder x2, Marine  
  135  17:19  Marauder x2, Marine x4  
  135  17:20  Marine  
  138  17:47  Command Center  
  138  17:48  Marauder x3, Marine x3  
  138  17:49  Marauder, Marine  
  150  17:54  Orbital Command  
Tags
 
Add a new tag
Caveats
  • Supply blocks, unpowered buildings, or Contaminate may cause inaccurate times.
  • Supply counts are checked every 10 seconds.